 Dungeon Crawl Stone Soup version 0.29.1-12-g30fa7ad0bf (webtiles) character file.

Game seed: 17130103846465233383

352005 GeoRichter the Fencer (level 21, -15/174 HPs)
             Began as a Demonspawn Fighter on Dec 18, 2022.
             Was a Priest of Jiyva.
             Killed from afar by a fire giant (28 damage)
             ... with a bolt of fire
             ... on level 4 of the Vaults on Dec 19, 2022.
             The game lasted 02:02:52 (60216 turns).

GeoRichter the Fencer (Demonspawn Fighter)         Turns: 60216, Time: 02:02:53

Health: -15/174    AC: 19    Str: 29    XL:     21   Next: 30%
Magic:  28/28      EV: 33    Int: 15    God:    Jiyva [***...]
Gold:   809        SH: 21    Dex: 28    Spells: 23/30 levels left

rFire   + . .      SeeInvis +   b - +9 demon blade (elec)
rCold   + . .      Faith    .   U - +1 kite shield {rC+}
rNeg    + + .      Spirit   .   R - quicksilver dragon scales "Ifrugg Jemoe" {rF+ Will+ Str+2}
rPois   .          Reflect  +   w - +1 helmet {SInv}
rElec   .          Harm     .   (cloak unavailable)
rCorr   +          Rampage  .   Q - +0 pair of gloves {Str+3}
Will    ++...                   C - +0 pair of boots
Stlth   +++++.....              T - amulet of reflection
HPRegen 1.51/turn               W - ring of Houcac {rN+ Int+4}
MPRegen 0.56/turn               h - ring "Arin" {Contam +Blink rN+ rCorr Str+7}

@: mighty, agile, hasted, unable to read, very quick
A: thin skeletal structure 3, ignite blood 2, powered by pain 3, bedeviling,
weakness stinger 3, inability to read after injury 1
}: 2/15 runes: barnacled, gossamer
a: Renounce Religion, Evoke Blink, Oozemancy


You were on level 4 of the Vaults.
You worshipped Jiyva.
Jiyva was most pleased with you.
You visited 8 branches of the dungeon, and saw 42 of its levels.
You also visited: Bailey, Gauntlet, Ice Cave, Volcano and Wizlab.

You collected 18098 gold pieces.
You spent 5590 gold pieces at shops.
You paid 11699 gold pieces to Gozag.

Inventory:

Hand Weapons
 a - the +12 great sword of Udugyes {antimagic, Drain rElec rN+++ Stlth-}
   (You found it on level 5 of the Dungeon)

   It reduces the magical energy of the wielder, and disrupts the spells and
   magical abilities of those it strikes.
   Natural abilities and divine invocations are not affected.
   rElec:     It insulates you from electricity.
   rN:        It renders you almost immune to negative energy.
   Drain:     It drains your maximum health when unequipped.
   Stlth:     It makes you less stealthy.
 b - a +9 demon blade of electrocution (weapon)
   (You found it on level 10 of the Dungeon)
 L - the +11 arbalest of Sudden Death {vorpal, rElec rCorr Str+4 Dex+2}
   (You found it on level 1 of the Elven Halls)

   Any ammunition fired from it inflicts extra damage upon your enemies.
   Str:       It affects your strength (+4).
   Dex:       It affects your dexterity (+2).
   rElec:     It insulates you from electricity.
   rCorr:     It protects you from acid and corrosion.
 M - a +1 vorpal quick blade
   (You took it off a deep elf blademaster on level 3 of the Elven Halls)
Armour
 w - a +1 helmet of see invisible (worn)
   (You bought it in a shop on level 3 of the Lair of Beasts)
 C - a +0 pair of boots (worn)
   (You found it on level 7 of the Dungeon)
 F - the +3 ring mail of Gestures {rElec rCorr SInv Stlth+}
   (You bought it in a shop on level 8 of the Dungeon)

   rElec:     It insulates you from electricity.
   SInv:      It lets you see invisible.
   rCorr:     It protects you from acid and corrosion.
   Stlth:     It makes you more stealthy.
 Q - a +0 pair of gloves of strength (worn)
   (You found it in a volcano)
 R - the quicksilver dragon scales "Ifrugg Jemoe" (worn) {rF+ Will+ Str+2}
   (You bought it in a shop on level 3 of the Elven Halls)

   Str:       It affects your strength (+2).
   rF:        It protects you from fire.
   Will:      It increases your willpower.
 U - a +1 kite shield of cold resistance (worn)
   (You found it in an ice cave)
Jewellery
 h - the ring "Arin" (right hand) {Contam +Blink rN+ rCorr Str+7}
   (You found it in an ice cave)

   [ring of positive energy]

   Str:       It affects your strength (+7).
   rN:        It protects you from negative energy.
   +Blink:    It lets you blink.
   Contam:    It causes magical contamination when unequipped.
   rCorr:     It protects you from acid and corrosion.
 k - an amulet of regeneration
   (You took it off a vault warden on level 2 of the Vaults)
 n - the ring of Ysaghamu {Fly rN+ SInv}
   (You found it on level 3 of the Elven Halls)

   [ring of see invisible]

   rN:        It protects you from negative energy.
   SInv:      It lets you see invisible.
   Fly:       It grants you flight.
 t - the ring of Ephemeral Luck {Will+ MP+9 Str+3 Dex+5}
   (You found it in a Gauntlet)

   [ring of magical power]

   Str:       It affects your strength (+3).
   Dex:       It affects your dexterity (+5).
   MP:        It affects your magic capacity (+9).
   Will:      It increases your willpower.
 v - the ring "Wum Get" {AC+4 Dex+6}
   (You bought it in a shop on level 3 of the Lair of Beasts)

   [ring of protection]

   AC:        It affects your AC (+4).
   Dex:       It affects your dexterity (+6).
 A - a ring of protection from fire
   (You found it on level 7 of the Dungeon)
 T - an amulet of reflection (around neck)
   (You found it on level 2 of the Spider Nest)
 W - the ring of Houcac (left hand) {rN+ Int+4}
   (You found it on level 3 of the Shoals)

   [ring of positive energy]

   Int:       It affects your intelligence (+4).
   rN:        It protects you from negative energy.
 X - a ring of wizardry
   (You found it on level 3 of the Elven Halls)
Wands
 j - a wand of quicksilver (9)
   (You found it on level 4 of the Lair of Beasts)
 p - a wand of charming (17)
   (You found it on level 3 of the Dungeon)
 x - a wand of polymorph (2)
   (You found it on level 12 of the Dungeon)
 E - a wand of digging (1)
   (You found it on level 8 of the Dungeon)
 P - a wand of iceblast (2)
   (You took it off Erolcha on level 1 of the Orcish Mines)
Scrolls
 d - 6 scrolls of fog
 g - 12 scrolls of teleportation {@r4}
 o - 4 scrolls of blinking
 q - a scroll of enchant armour
 r - 4 scrolls of vulnerability {!r}
 s - 7 scrolls of amnesia
 y - 2 scrolls of silence
 H - 2 scrolls of magic mapping
 N - 5 scrolls of fear
 S - a scroll of summoning
Potions
 c - a potion of mutation {!q}
 e - 13 potions of curing {@q1}
 f - 10 potions of brilliance
 i - 2 potions of resistance
 l - 13 potions of ambrosia
 m - 5 potions of lignification {!q}
 u - 10 potions of heal wounds {@q2}
 z - 2 potions of haste {@q3}
 B - 4 potions of magic
 D - 8 potions of cancellation
 G - 6 potions of attraction {!q}
 O - 5 potions of invisibility
 V - 5 potions of flight
 Y - 4 potions of might
Miscellaneous
 I - a box of beasts (inert)
   (You found it in a Gauntlet)
 J - a lightning rod (4/4) {!a}
   (You found it on level 10 of the Dungeon)
 K - a phial of floods (inert)
   (You found it on level 10 of the Dungeon)
 Z - a phantom mirror (inert)
   (You found it on level 1 of the Shoals)


   Skills:
 + Level 17.2 Fighting
 - Level 20.0 Long Blades
 + Level 11.8 Armour
 * Level 17.7 Dodging
 + Level 11.9 Shields
 + Level 5.2 Spellcasting
 * Level 8.4 Hexes
 - Level 10.0 Evocations


You had 23 spell levels left.
You knew the following spells:

 Your Spells              Type           Power      Damage    Failure   Level
a - Cause Fear            Hex            21%        N/A       14%         4
b - Tukima's Dance        Hex            43%        N/A       4%          3

Your spell library contained the following spells:

 Spells                   Type           Power      Damage    Failure   Level
 Inner Flame              Hex/Fire       24%        N/A       22%         3
 Portal Projectile        Hex/Tloc       48%        N/A       22%         3
 Summon Guardian Golem    Hex/Summ       24%        N/A       22%         3
 Apportation              Tloc           6%         N/A       41%         1
 Beastly Appendage        Tmut           6%         N/A       41%         1
 Freeze                   Ice            12%        1d4       41%         1
 Necrotise                Necr           12%        1d4       41%         1
 Summon Small Mammal      Summ           12%        N/A       41%         1
 Blink                    Tloc           6%         N/A       54%         2
 Poisonous Vapours        Pois/Air       6%         N/A       54%         2
 Scorch                   Fire           6%         2d5       54%         2
 Searing Ray              Conj           6%         2d4       54%         2
 Wereblood                Tmut           3%         N/A       54%         2
 Leda's Liquefaction      Hex/Erth       12%        N/A       58%         4
 Call Canine Familiar     Summ           3%         N/A       78%         3
 Conjure Flame            Conj/Fire      3%         6-21      78%         3
 Frozen Ramparts          Ice            6%         1d1       78%         3
 Gell's Gravitas          Tloc           3%         N/A       78%         3
 Ignite Poison            Fire/Tmut/Pois 3%         N/A       78%         3
 Lesser Beckoning         Tloc           3%         N/A       78%         3
 Mephitic Cloud           Conj/Pois/Air  3%         N/A       78%         3
 Spider Form              Tmut/Pois      3%         N/A       78%         3
 Metabolic Englaciation   Hex/Ice        12%        N/A       91%         5
 Summon Mana Viper        Hex/Summ       24%        N/A       91%         5
 Animate Armour           Summ/Erth      6%         N/A       99%         4
 Animate Dead             Necr           3%         N/A       99%         4
 Corpse Rot               Necr/Pois/Air  3%         N/A       99%         4
 Flame Wave               Conj/Fire      3%         2d5       99%         4
 Hailstorm                Conj/Ice       3%         3d3       99%         4
 Ice Form                 Ice/Tmut       3%         N/A       99%         4
 Petrify                  Tmut/Erth      3%         N/A       99%         4
 Sticky Flame             Conj/Fire      3%         2d3       99%         4
 Summon Ice Beast         Ice/Summ       3%         N/A       99%         4
 Summon Lightning Spire   Summ/Air       3%         N/A       99%         4
 Blade Hands              Tmut           1%         N/A       100%        5
 Fireball                 Conj/Fire      1%         3d3       100%        5
 Freezing Cloud           Conj/Ice/Air   1%         6-21      100%        5
 Lee's Rapid Deconstruct  Erth           1%         3d5*      100%        5
 Manifold Assault         Tloc           3%         N/A       100%        5
 Conjure Ball Lightning   Conj/Air       1%         3x3d6     100%        6
 Iron Shot                Conj/Erth      1%         9d1       100%        6
 Simulacrum               Ice/Necr       1%         N/A       100%        6
 Starburst                Conj/Fire      1%         6d3       100%        6
 Statue Form              Tmut/Erth      2%         N/A       100%        6
 Summon Cactus Giant      Summ           1%         N/A       100%        6
 Haunt                    Necr/Summ      1%         N/A       100%        7
 Malign Gateway           Summ/Tloc      1%         N/A       100%        7
 Spellforged Servitor     Conj/Summ      1%         N/A       100%        7
 Storm Form               Tmut/Air       1%         N/A       100%        7
 Discord                  Hex            21%        N/A       100%        8
 Ignition                 Fire           1%         3d3       100%        8
 Infestation              Necr           1%         N/A       100%        8
 Lehudib's Crystal Spear  Conj/Erth      1%         10d2      100%        8
 Maxwell's Capacitive Co  Air            1%         ∞         100%        8
 Polar Vortex             Ice            1%         N/A       100%        9


Dungeon Overview and Level Annotations

Branches:
Dungeon (15/15) Zot: 24787  Temple (0/1) D:5            Lair (5/5) D:11 Zot: 22754
 Shoals (4/4) Lair:3 Zot: 15719  Spider (4/4) Lair:2 Zot: 16851   Slime (5/5) Lair:5 Zot: 26834
    Orc (2/2) D:9 Zot: 9303     Elf (3/3) Orc:2 Zot: 13562  Vaults (4/5) D:14 Zot: 17876
  Crypt (0/3) Vaults:2     Depths (0/4) D:15         Bailey (visited)
  IceCv (visited)         Volcano (visited)          WizLab (visited)
Gauntlet (visited)

Altars:
Ashenzari
Fedhas
Gozag
Makhleb
Nemelex Xobeh
Okawaru
Qazlal
Ru
Vehumet
Wu Jian
Jiyva
Lugonu

Shops:
D:8 =*   D:11 (   D:12 [(   Orc:2 (*[*[   Elf:2 *   Elf:3 [(=:   Lair:3 [=
Shoals:2 !   Shoals:3 =?!*   Spider:3 [!

Portals:
Abyss: Lair:5
Trove: D:11 (give 11 potions of heal wounds)

Annotations:
Shoals:3 exclusion: downstairs
Slime:5 Royal Jelly
Orc:1 2 transporters, esran's ghost, journeyman TrFi


Innate Abilities, Weirdness & Mutations

You have an unnaturally thin skeletal structure. (Dex +6, Stealth+++)
Your demonic aura often causes spilled blood to erupt in flames.
You are powered by pain.
Your hexes are more powerful.
You have a sharp stinger which inflicts weakening toxins.
You occasionally lose the ability to read scrolls when taking damage.


Message History

You block the vault warden's attack.
You closely miss the ironbound convoker.
You tail-slap the ironbound convoker! You block the yaktaur captain's attack.
The vault sentinel blows a loud note on a signal horn!
The ironbound convoker is engulfed in blazing flames.
You kill the ironbound convoker!
The vault warden activates a sealing rune.
A door slams shut!
The fire giant casts a spell at you. The bolt of fire hits you!! You resist.
* * * LOW HITPOINT WARNING * * *
You focus on the pain.
You feel agile all of a sudden.
You hear a shout!
You cut the fire giant into ribbons!!! You tail-slap the fire giant!
The fire giant looks weaker.
The yaktaur shoots a bolt.
You reflect the bolt off an invisible shield around you!
The bolt hits the yaktaur!
The yaktaur captain barely misses you.
You slice the fire giant!! The fire giant casts a spell at you.
The bolt of fire hits you! You resist.
* * * LOW HITPOINT WARNING * * *
You block the vault warden's attack.
The yaktaur shoots a bolt.
The bolt closely misses you.
You cut the vault warden into ribbons!!!
Your tail-slap misses the vault warden.
The yaktaur wields a +0 arbalest.
The yaktaur shoots a bolt.
You reflect the bolt off an invisible shield around you!
The bolt hits the fire giant!
The vault sentinel blows a loud note on a signal horn!
The fire giant misses you.
The vault warden is engulfed in blazing flames.
The vault warden hits you with a +1 vorpal bardiche!
* * * LOW HITPOINT WARNING * * *
* * * LOW HITPOINT WARNING * * *
The yaktaur shoots a bolt.
You reflect the bolt off an invisible shield around you!
The bolt hits the yaktaur.
You feel yourself speed up.
The yaktaur captain is engulfed in blazing flames.
The yaktaur captain hits you.
* * * LOW HITPOINT WARNING * * *
The vault warden is engulfed in blazing flames.
The vault warden hits you with a +1 vorpal bardiche!
* * * LOW HITPOINT WARNING * * *
* * * LOW HITPOINT WARNING * * *
The fire giant casts a spell at you. The bolt of fire hits you!! You resist.
You feel threatened and lose the ability to read scrolls!
You die...

#...###...##.....
#########'##....<
#.........#.....
#.........#.....
#######.........'.....
#.....#.........#.....
#.☼.)#.........######
#☼pc+.........#
##☼@#.........#
#..cC°#.........#
#.c○pc#.........#
#......#.........#
#..##...#.........# ..
##..#.........# .
##.#...[..... ###


You could see a fire giant (strong, weak), a vault warden, a yaktaur captain, a
vault sentinel (catching breath) and 3 yaktaurs.

Vanquished Creatures
  Mara (Vaults:3)
  Margery (Vaults:2)
  A bone dragon (Vaults:2)
  Rupert (D:13)
  The ghost of duchin the Fencer, an adept DsGl of Jiyva (Elf:3)
  Asterion (Spider:1)
  A lich (IceCv)
  3 deep elf master archers (Elf:3)
  6 deep elf blademasters
  2 sphinxes
  Polyphemus (Shoals:3)
  Frances (Shoals:1)
  Kirke (D:13)
  Roxanne (Shoals:1)
  A storm dragon (Shoals:4)
  Ilsuiw (Shoals:2)
  7 deep elf sorcerers (Elf:3)
  11 vault wardens
  The ghost of
  112233 the Stormcaller, an adept TeAE of Gozag (Shoals:3)
  Aizul (Spider:4)
  4 ghost moths
  9 emperor scorpions
  2 orc warlords
  Louise (Spider:1)
  10 ironbound preservers
  An ironbound thunderhulk (Vaults:1)
  2 deep elf elementalists (Elf:3)
  A quicksilver ooze (shapeshifter) (Lair:5)
  A stone giant (Vaults:2)
  4 very ugly things
  3 deep elf demonologists
  2 spark wasps
  A minotaur (Gauntlet)
  2 entropy weavers
  9 dire elephants
  7 deep elf annihilators
  2 crystal guardians (Vaults:3)
  5 deep elf death magi (Elf:3)
  Josephine (D:11)
  4 merfolk javelineers (Shoals:4)
  5 merfolk impalers
  7 yaktaur captains
  3 great orbs of eyes
  4 deep elf high priests
  11 vault guards
  5 boulder beetles
  Erolcha (Orc:1)
  7 hydras
  A peacekeeper (Vaults:3)
  A catoblepas (Shoals:3)
  6 ironbound frosthearts
  A caustic shrike simulacrum (IceCv)
  Erica (Orc:1)
  4 ogre magi
  A merfolk avatar (Shoals:1)
  2 jorogumos
  An alligator snapping turtle (Shoals:1)
  18 two-headed ogres
  A radroach (Spider:3)
  6 centaur warriors
  10 death yaks
  A satyr (Shoals:3)
  3 merfolk aquamancers
  3 tengu warriors
  18 dancing weapons
  2 death scarabs (Gauntlet)
  2 thrashing horrors (Lair:5)
  4 hell knights (Vaults:2)
  27 deep elf knights
  4 pharaoh ants (Spider:3)
  The ghost of kalagan the Thaumaturge, a novice DEEE of Sif Muna (D:9)
  Lodul (D:11)
  11 sea snakes
  37 deep trolls
  3 sun moths
  4 bog bodies (IceCv)
  10 orb spiders
  5 wizards
  An obsidian statue (IceCv)
  18 deep elf archers
  3 steelbarb worms
  3 necromancers
  5 spriggan simulacra (IceCv)
  5 ironbound convokers
  14 lindwurms
  A phantasmal warrior (Vaults:2)
  11 harpies
  32 deep elf zephyrmancers
  12 fauns
  38 deep elf pyromancers
  13 manticores
  4 orc knights
  11 wolf spiders
  24 ugly things
  2 orc sorcerers
  7 merfolk sirens
  6 cyclopes
  5 moths of wrath
  A centaur zombie (D:15)
  13 elephants
  2 black mambas (Lair:5)
  6 water nymphs
  A gargoyle (D:14)
  9 vault sentinels
  4 torpor snails
  9 cane toads
  An eye of devastation (Gauntlet)
  An unseen horror (D:12)
  2 smoke demons (Lair:5)
  Psyche (D:9)
  7 komodo dragons
  6 demonic crawlers
  29 yaktaurs
  2 kobold demonologists (D:14)
  A spriggan zombie (WizLab)
  An ice devil (IceCv)
  3 anaconda simulacra (IceCv)
  16 freezing wraiths
  2 ancient zymes (Lair:5)
  3 golden dragon simulacra (IceCv)
  2 tengu conjurers (D:14)
  3 meliai (Spider:1)
  A hornet (D:10)
  A queen bee (shapeshifter) (Lair:5)
  25 merfolk
  16 trolls
  A queen bee (Lair:3)
  A polar bear (Lair:2)
  2 tarantellas (shapeshifter)
  A wind drake (shapeshifter) (Lair:5)
  22 tarantellas
  3 large abominations (Lair:5)
  19 slime creatures
  11 wind drakes
  13 snapping turtles
  30 blink frogs
  A slime creature (shapeshifter) (Lair:5)
  3 dream sheep (Shoals:4)
  A spectral black mamba (Gauntlet)
  5 air elementals
  A ynoxinul (Lair:5)
  Sigmund (D:4)
  2 centaur simulacra (D:15)
  25 culicivoras
  8 small abominations (Lair:5)
  23 water elementals
  3 vampires
  5 basilisks
  29 jumping spiders
  8 shadows
  3 wyverns
  3 spriggans
  5 wraiths
  7 fire elementals
  3 dire elephant simulacra (IceCv)
  A golden eye (Gauntlet)
  44 redbacks
  17 yaks
  A hog (D:13)
  3 humans
  5 vampire mosquitoes
  A redback (shapeshifter) (Elf:3)
  2 harpy simulacra (IceCv)
  7 hell hounds (Volcano)
  A spectral cane toad (Gauntlet)
  9 water moccasins
  A hydra simulacrum (IceCv)
  3 sky beasts
  4 ice beasts
  23 orc warriors
  An ettin simulacrum (IceCv)
  3 alligator simulacra (IceCv)
  2 black bears (D:9)
  2 boggarts (Vaults:3)
  40 ogres
  15 wolves
  14 centaurs
  14 bullfrogs
  A gnoll sergeant (D:10)
  5 kobold brigands
  4 scorpions
  3 earth elementals (Elf:2)
  A necrophage (D:5)
  20 wights
  28 killer bees
  4 lindwurm simulacra (IceCv)
  16 howler monkeys
  An electric eel (Lair:4)
  5 jellies
  2 gnoll boudas (D:6)
  14 orc priests
  2 hounds
  Ijyb (D:3)
  21 orc wizards
  8 iguanas
  A boggart zombie (D:15)
  7 adders
  11 gnolls
  2 shadow imps
  A white imp (D:6)
  2 ufetubi
  3 worms
  2 dart slugs (D:5)
  84 orcs
  8 ball pythons
  6 endoplasms
  3 giant cockroaches
  7 hobgoblins
  3 jackals (D:1)
  21 kobolds
  2 quokkas
  12 bats
  3 frilled lizards
  9 goblins
  4 rats
  A tentacle (Shoals:3)
1510 creatures vanquished.

Vanquished Creatures (collateral kills)
  Boris (Vaults:3)
  Jorgrun (Spider:1)
  An ugly thing (Lair:5)
  A cyclops (D:13)
  A manticore (Shoals:1)
  3 yaktaurs
  An anaconda simulacrum (IceCv)
  3 merfolk (Shoals:4)
  A dream sheep (Shoals:4)
  A jumping spider (Spider:3)
  An air elemental (Shoals:4)
  A water elemental (Shoals:4)
  2 redbacks (Spider:1)
  2 orc warriors (Bailey)
  2 centaurs (Bailey)
  7 orcs (Bailey)
29 creatures vanquished.

Vanquished Creatures (others)
  A deep elf master archer (Elf:3)
  2 great orbs of eyes
  An ironbound frostheart (Vaults:4)
  2 merfolk aquamancers
  2 deep elf zephyrmancers
  A vault sentinel (Vaults:4)
  A cane toad (Lair:1)
  4 yaktaurs
  A redback (Vaults:4)
  An acid dragon (D:11)
  An ogre (D:11)
  2 boggarts (Vaults:3)
  8 jellies
  2 orcs (Bailey)
  39 fungi
  72 plants
  12 tentacles (Shoals:3)
152 creatures vanquished.

Grand Total: 1691 creatures vanquished

Notes
Turn   | Place    | Note
-------+----------+-------------------------------------------
     0 | D:1      | GeoRichter the Demonspawn Fighter began the quest for the
                  | Orb.
     0 | D:1      | Reached XP level 1. HP: 18/18 MP: 1/1
    95 | D:1      | Reached skill level 2 in Long Blades
   255 | D:1      | Gained mutation: Your demonic aura sometimes causes spilled
                  | blood to erupt in flames. [demonic ancestry]
   255 | D:1      | Reached XP level 2. HP: 24/24 MP: 2/2
   824 | D:2      | Reached XP level 3. HP: 23/29 MP: 3/3
   921 | D:2      | Reached skill level 3 in Long Blades
  1789 | D:3      | Found an opulent altar of Gozag.
  1881 | D:3      | Became a worshipper of Gozag Ym Sagoz the Greedy
  1894 | D:3      | Gained mutation: You have a somewhat thin skeletal
                  | structure. (Dex +2, Stealth+) [demonic ancestry]
  1894 | D:3      | Reached XP level 4. HP: 25/37 MP: 4/4
  2053 | D:3      | Found a faded altar of an unknown god.
  2281 | D:3      | Noticed Ijyb
  2291 | D:3      | Killed Ijyb
  2629 | D:3      | Identified the +3 leather armour of a ziggurat {Will+
                  | Str+4}
  2964 | D:4      | Found a radiant altar of Vehumet.
  2966 | D:4      | Noticed an ogre
  3303 | D:4      | Reached skill level 4 in Long Blades
  3303 | D:4      | Gained mutation: You sometimes gain a little power by
                  | taking damage. [demonic ancestry]
  3303 | D:4      | Reached XP level 5. HP: 42/42 MP: 5/5
  3491 | D:4      | Killed an ogre
  3492 | D:4      | Reached skill level 5 in Long Blades
  3492 | D:4      | Reached XP level 6. HP: 48/48 MP: 6/6
  3581 | D:4      | Noticed Sigmund
  3599 | D:4      | Killed Sigmund
  3600 | D:4      | Reached skill level 6 in Long Blades
  4018 | D:5      | Entered Level 5 of the Dungeon
  4181 | D:5      | Reached XP level 7. HP: 51/54 MP: 7/7
  4210 | D:5      | Reached skill level 7 in Long Blades
  4621 | D:5      | Reached skill level 1 in Dodging
  5095 | D:5      | Reached XP level 8. HP: 37/61 MP: 8/8
  5552 | D:5      | Identified the +12 great sword of Udugyes {antimagic, Drain
                  | rElec rN+++ Stlth-}
  5596 | D:5      | Reached skill level 5 in Fighting
  5596 | D:5      | Reached skill level 8 in Long Blades
  5985 | D:5      | Found a staircase to the Ecumenical Temple.
  6624 | D:6      | Reached skill level 9 in Long Blades
  6779 | D:6      | Reached XP level 9. HP: 68/69 MP: 3/9
  6910 | D:6      | Found an ornate altar of the Wu Jian Council.
  8165 | D:7      | Found a sparkling altar of Nemelex Xobeh.
  8179 | D:7      | Found a blossoming altar of Fedhas.
  8234 | D:7      | Reached skill level 10 in Long Blades
  8244 | D:7      | Identified the +3 mace "Cototoeph" {flame, rF+ Str+3}
  8326 | D:7      | Found a broken altar of Ashenzari.
  8657 | D:8      | Reached skill level 5 in Dodging
  9093 | D:8      | Reached skill level 1 in Evocations
  9098 | D:8      | Gained mutation: You have a small tail. [demonic ancestry]
  9098 | D:8      | Reached XP level 10. HP: 79/79 MP: 3/10
  9118 | D:8      | Found Fiecytoq's Jewellery Shoppe.
  9138 | D:8      | Bought a transparent ring mail for 261 gold pieces
  9138 | D:8      | Identified the +3 ring mail of Gestures {rElec rCorr SInv
                  | Stlth+} (You bought it in a shop on level 8 of the Dungeon)
 10043 | D:9      | Noticed a two-headed ogre
 10052 | D:9      | Killed a two-headed ogre
 10053 | D:9      | Reached skill level 11 in Long Blades
 10228 | D:9      | Found a flagged portal.
 10272 | Bailey   | Entered a bailey
 10714 | Bailey   | Gained mutation: You have a tail ending in a sharp stinger.
                  | [demonic ancestry]
 10714 | Bailey   | Reached XP level 11. HP: 67/87 MP: 3/11
 10898 | Bailey   | Identified the +10 morningstar of Spite {pain, rC+}
 11057 | D:9      | Found a runed translucent door.
 11058 | D:9      | Noticed kalagan's ghost (novice DEEE)
 11059 | D:9      | Identified the +1 trident "Hydrabane" {flame, rElec}
 11204 | D:9      | Found a staircase to the Orcish Mines.
 11552 | D:10     | Entered Level 10 of the Dungeon
 11560 | D:10     | Noticed Psyche
 11566 | D:9      | Killed Psyche
 11689 | D:10     | Reached skill level 12 in Long Blades
 11764 | D:10     | Identified the +4 spear "Noejul" {elec, Drain rF- rC+++
                  | Int+2}
 12050 | D:10     | Reached skill level 5 in Evocations
 12086 | D:10     | Found a large runed translucent door.
 12087 | D:10     | Found a large runed translucent door.
 12134 | D:10     | Found an iron altar of Okawaru.
 12429 | D:10     | Found a sacrificial altar of Ru.
 12652 | D:11     | Noticed a four-headed hydra
 12652 | D:11     | Found a portal to a secret trove of treasure.
 12658 | D:11     | Killed a four-headed hydra
 12792 | D:11     | Noticed Lodul
 12820 | D:11     | Killed Lodul
 13359 | D:11     | Found Soum's Weapon Boutique.
 13397 | D:11     | Found a staircase to the Lair.
 13513 | D:11     | Noticed Josephine
 13520 | D:11     | Killed Josephine
 13621 | D:11     | Reached skill level 13 in Long Blades
 13621 | D:11     | Gained mutation: Your demonic aura often causes spilled
                  | blood to erupt in flames. [demonic ancestry]
 13621 | D:11     | Reached XP level 12. HP: 78/96 MP: 4/12
 13827 | Lair:1   | Entered Level 1 of the Lair of Beasts
 13830 | Lair:1   | Noticed a six-headed hydra
 13851 | Lair:1   | Killed a six-headed hydra
 13870 | Lair:1   | Noticed an eight-headed hydra
 13884 | Lair:1   | Killed a ten-headed hydra
 14338 | Lair:1   | Reached skill level 5 in Shields
 14531 | Lair:1   | Reached skill level 10 in Fighting
 15125 | Lair:2   | Noticed a four-headed hydra
 15131 | Lair:2   | Killed a five-headed hydra
 15862 | Lair:2   | Found a hole to the Spider Nest.
 16333 | Lair:3   | Reached skill level 14 in Long Blades
 16682 | Lair:3   | Noticed a death yak
 16683 | Lair:3   | Noticed a death yak
 16684 | Lair:3   | Noticed a death yak
 16706 | Lair:3   | Killed a death yak
 16712 | Lair:3   | Killed a death yak
 16713 | Lair:3   | Gained mutation: You have a sharp stinger which inflicts
                  | weakening toxins. [demonic ancestry]
 16713 | Lair:3   | Reached XP level 13. HP: 44/104 MP: 4/13
 17639 | Lair:3   | Found a staircase to the Shoals.
 17943 | Lair:3   | Bought the ring "Wum Get" {AC+4 Dex+6} for 778 gold pieces
 17947 | Lair:3   | Bought a runed helmet for 202 gold pieces
 17994 | Lair:4   | Found a gate leading to a gauntlet.
 18014 | Gauntlet | Entered a Gauntlet
 18014 | Gauntlet | Found a transporter.
 18014 | Gauntlet | Found a transporter.
 18044 | Gauntlet | Found a transporter.
 18048 | Gauntlet | Found a transporter.
 18058 | Gauntlet | Found a transporter.
 18062 | Gauntlet | Found a transporter.
 18072 | Gauntlet | Found a transporter.
 18093 | Gauntlet | Found a transporter.
 18110 | Gauntlet | Found a transporter.
 18114 | Gauntlet | Found a transporter.
 18126 | Gauntlet | Found a transporter.
 18128 | Gauntlet | Found a transporter.
 18712 | Gauntlet | Identified the ring of Ephemeral Luck {Will+ MP+9 Str+3
                  | Dex+5}
 18861 | Gauntlet | Noticed a minotaur
 18874 | Gauntlet | Killed a minotaur
 19055 | Lair:4   | Reached skill level 15 in Long Blades
 19785 | Lair:5   | Entered Level 5 of the Lair of Beasts
 19841 | Lair:5   | Found a dark tunnel.
 19849 | Volcano  | Entered a volcano
 19895 | Volcano  | Reached skill level 5 in Armour
 20027 | Volcano  | Reached skill level 10 in Dodging
 20286 | Lair:5   | Gained mutation: You sometimes gain power by taking damage.
                  | [demonic ancestry]
 20286 | Lair:5   | Reached XP level 14. HP: 113/113 MP: 14/14
 20316 | Lair:5   | Found a staircase to the Slime Pits.
 20316 | Lair:5   | Found a viscous altar of Jiyva.
 21020 | Lair:5   | Identified the +2 robe "Qumaemp" {rElec rF+ Dex+2}
 21047 | Lair:5   | Noticed a quicksilver ooze
 21055 | Lair:5   | Killed a quicksilver ooze
 21236 | Lair:5   | Reached skill level 16 in Long Blades
 21425 | Lair:5   | Found a corrupted altar of Lugonu.
 21425 | Lair:5   | Found a one-way gate to the infinite horrors of the Abyss.
 22976 | D:10     | Found a burning altar of Makhleb.
 23046 | D:10     | Found a broken altar of Ashenzari.
 23126 | Orc:1    | Entered Level 1 of the Orcish Mines
 23173 | Orc:1    | Noticed an orc warlord
 23206 | Orc:1    | Found a transporter.
 23224 | Orc:1    | Noticed esran's ghost (journeyman TrFi)
 23240 | Orc:1    | Noticed Erolcha
 23310 | Orc:1    | Killed Erolcha
 23496 | Orc:1    | Noticed an orc warlord
 23517 | Orc:1    | Killed an orc warlord
 23768 | Orc:1    | Noticed Erica
 23784 | Orc:1    | Killed Erica
 23835 | Orc:1    | Found a transporter.
 24147 | Orc:2    | Entered Level 2 of the Orcish Mines
 24147 | Orc:2    | Found a staircase to the Elven Halls.
 24759 | Orc:2    | Found Wosirui's Antique Weapon Shoppe.
 24894 | Orc:2    | Found Moumn's Antique Armour Shoppe.
 24898 | Orc:2    | Found Qixzat's Armour Shop.
 24898 | Orc:2    | Found Zatamima's Assorted Antiques.
 24938 | Orc:2    | Reached XP level 15. HP: 81/122 MP: 15/15
 25500 | Orc:2    | Found Olaosch's Assorted Antiques.
 25566 | Orc:2    | Bought a potion of heal wounds for 165 gold pieces
 25566 | Orc:2    | Bought a scroll of blinking for 247 gold pieces
 25566 | Orc:2    | Bought a potion of heal wounds for 165 gold pieces
 25585 | Orc:2    | Bought a potion of heal wounds for 160 gold pieces
 25585 | Orc:2    | Bought a scroll of teleportation for 96 gold pieces
 25865 | D:9      | Killed kalagan's ghost
 26016 | D:13     | Reached skill level 17 in Long Blades
 26317 | D:13     | Noticed Rupert
 26325 | D:13     | Killed Rupert
 26632 | D:13     | Noticed Kirke
 26641 | D:13     | Killed Kirke
 27676 | D:14     | Found a gate to the Vaults.
 28118 | D:15     | Entered Level 15 of the Dungeon
 28955 | D:15     | Gained mutation: You are powered by pain. [demonic
                  | ancestry]
 28955 | D:15     | Reached XP level 16. HP: 83/131 MP: 16/16
 29445 | D:15     | Found a staircase to the Depths.
 29734 | Spider:1 | Entered Level 1 of the Spider Nest
 29802 | Spider:1 | Noticed Jorgrun
 29811 | Spider:1 | Killed Jorgrun
 30123 | Spider:1 | Identified the +1 kite shield of Omission {rC+}
 30123 | Spider:1 | Noticed Asterion
 30135 | Spider:1 | Killed Asterion
 30308 | Spider:1 | Noticed Louise
 30329 | Spider:1 | Killed Louise
 30330 | Spider:1 | Reached skill level 18 in Long Blades
 33873 | Spider:3 | Identified the +1 ring mail of Oginn {Int+7}
 34625 | Spider:3 | Bought 2 potions of invisibility for 240 gold pieces
 34627 | Spider:4 | Entered Level 4 of the Spider Nest
 34909 | Spider:4 | Reached XP level 17. HP: 139/139 MP: 17/17
 36498 | Spider:4 | Got a gossamer rune of Zot
 36637 | Spider:4 | Noticed Aizul
 36650 | Spider:4 | Killed Aizul
 36651 | Spider:4 | Reached skill level 19 in Long Blades
 37111 | Shoals:1 | Entered Level 1 of the Shoals
 38138 | Shoals:1 | Noticed Frances
 38145 | Shoals:1 | Killed Frances
 38192 | Shoals:1 | Reached skill level 10 in Evocations
 38730 | Shoals:1 | Noticed Roxanne
 38749 | Shoals:1 | Killed Roxanne
 40065 | Shoals:2 | Found Gusmem's Distillery.
 40070 | Shoals:2 | Noticed Ilsuiw
 40121 | Shoals:2 | Killed Ilsuiw
 40489 | Shoals:2 | Bought a potion of heal wounds for 90 gold pieces
 40489 | Shoals:2 | Bought a potion of heal wounds for 90 gold pieces
 40623 | Shoals:3 | Found a frozen archway.
 40711 | IceCv    | Entered an ice cave
 41238 | IceCv    | Gained mutation: You have a moderately thin skeletal
                  | structure. (Dex +4, Stealth++) [demonic ancestry]
 41238 | IceCv    | Reached XP level 18. HP: 148/148 MP: 18/18
 41421 | IceCv    | Found an ancient bone altar of Kikubaaqudgha.
 41528 | IceCv    | Reached skill level 15 in Fighting
 41976 | IceCv    | Noticed a lich
 42028 | IceCv    | Killed a lich
 42472 | IceCv    | Identified the ring "Arin" {Contam +Blink rN+ rCorr Str+7}
 42573 | Shoals:3 | Noticed Polyphemus
 42579 | Shoals:3 | Found Ycyheisax's Magic Scroll Shoppe.
 42983 | Shoals:3 | Killed Polyphemus
 43001 | Shoals:3 | Bought a scroll of enchant weapon for 105 gold pieces
 43001 | Shoals:3 | Bought a scroll of silence for 133 gold pieces
 43074 | Shoals:3 | Found Bolaaput's Jewellery Emporium.
 43296 | Shoals:3 | Found a runed translucent door.
 43325 | Shoals:3 | Noticed 112233's ghost (adept TeAE)
 43348 | Shoals:3 | Killed 112233's ghost
 43353 | Shoals:3 | Identified the ring of Houcac {rN+ Int+4}
 43437 | Shoals:3 | Found Dagipow's Assorted Antiques.
 43495 | Shoals:3 | Found Fiusall's Distillery.
 43508 | Shoals:3 | Bought a potion of might for 76 gold pieces
 43508 | Shoals:3 | Bought a potion of haste for 190 gold pieces
 43710 | Shoals:3 | Bought a potion of resistance for 190 gold pieces
 44449 | Shoals:4 | Entered Level 4 of the Shoals
 44449 | Shoals:4 | Found a stormy altar of Qazlal.
 44678 | Shoals:4 | Reached skill level 20 in Long Blades
 45068 | Shoals:4 | HP: 6/149 [storm dragon/bolt of lightning (5)]
 45488 | Shoals:4 | Found a stormy altar of Qazlal.
 45497 | Shoals:4 | Paralysed by an air elemental for 1 turns
 45502 | Shoals:4 | Paralysed by an air elemental for 1 turns
 46267 | Shoals:4 | Got the Reference Book on Confrontation and Elsewhere
 46270 | Shoals:4 | Got a barnacled rune of Zot
 46390 | Shoals:4 | Identified the +1 trident "Ceetaez" {speed, Int+4 Stlth+}
 47106 | Shoals:3 | Bought a scroll of enchant weapon for 322 gold pieces
 47376 | Vaults:1 | Entered Level 1 of the Vaults
 47832 | Vaults:1 | Found a magical portal.
 47891 | Vaults:1 | Reached skill level 15 in Dodging
 47911 | WizLab   | Entered Doroklohe's Tomb
 48116 | WizLab   | Noticed an ancient lich
 48537 | Vaults:1 | You fall into a shaft and drop 1 floor!
 48545 | Vaults:2 | Acquired 620 gold pieces
 48690 | Vaults:2 | Gained mutation: Your hexes are more powerful. [demonic
                  | ancestry]
 48690 | Vaults:2 | Reached XP level 19. HP: 147/157 MP: 19/19
 48938 | Vaults:2 | Reached skill level 10 in Shields
 49115 | Vaults:2 | Reached skill level 10 in Armour
 49739 | Vaults:2 | Noticed a bone dragon
 49741 | Vaults:2 | Found a staircase to the Crypt.
 49760 | Vaults:2 | Killed a bone dragon
 50117 | Vaults:2 | Noticed Margery
 50119 | Vaults:2 | Gained mutation: You occasionally lose the ability to read
                  | scrolls when taking damage. [mutagenic glow]
 50129 | Vaults:2 | Killed Margery
 51696 | Elf:1    | Entered Level 1 of the Elven Halls
 51814 | Elf:1    | Identified the +1 scale mail of the Ecumenical Temple
                  | {-Cast rN++ rCorr}
 51918 | Elf:1    | Reached skill level 1 in Hexes
 51974 | Elf:1    | Identified the +11 arbalest of Sudden Death {vorpal, rElec
                  | rCorr Str+4 Dex+2}
 51998 | Elf:1    | Got the Cyclopedia of Congregated Conflict
 52056 | Elf:1    | You fall into a shaft and drop 1 floor!
 52081 | Elf:2    | Reached skill level 1 in Spellcasting
 52467 | Elf:2    | Learned a level 4 spell: Cause Fear
 52471 | Elf:2    | Learned a level 3 spell: Tukima's Dance
 52740 | Elf:2    | Found a runed translucent gate.
 52741 | Elf:2    | Found a runed translucent gate.
 52741 | Elf:2    | Found a runed translucent gate.
 52868 | Elf:2    | Reached XP level 20. HP: 166/166 MP: 23/23
 53521 | Elf:3    | Entered Level 3 of the Elven Halls
 53779 | Elf:3    | Found a runed translucent door.
 53780 | Elf:3    | Noticed duchin's ghost (adept DsGl)
 53950 | Elf:3    | Found Cazu's Weapon Shop.
 53953 | Elf:3    | Found Qoten's Book Emporium.
 53955 | Elf:3    | Found Lum Lum's Jewellery Shop.
 54012 | Elf:3    | Found Hyasmien's Antique Armour Shop.
 54015 | Elf:3    | Reached skill level 5 in Hexes
 55104 | Elf:3    | Bought masterwork quicksilver dragon scales for 2080 gold
                  | pieces
 55104 | Elf:3    | Identified the quicksilver dragon scales "Ifrugg Jemoe"
                  | {rF+ Will+ Str+2} (You bought it in a shop on level 3 of
                  | the Elven Halls)
 55198 | Elf:3    | Identified the +0 halberd of Dried Tears {pain, rElec Will-
                  | Int+5}
 55311 | Elf:3    | Identified the +1 war axe "Jitz" {venom, rF- rC+ Str+7}
 55512 | Elf:3    | Identified the +6 halberd of the Blessed Realm {drain,
                  | Drain MP+9 Int+3}
 55607 | Elf:3    | Identified the +2 cloak of the Arcane {rF++}
 55609 | Elf:3    | Identified the ring of Ysaghamu {Fly rN+ SInv}
 55645 | Elf:3    | Got Ralof's Quarto of the Boulder and the Swarm
 55652 | Elf:3    | Identified the +3 glaive of Fae Tenacity {drain, rPois
                  | Dex+2}
 55857 | Elf:3    | Killed duchin's ghost
 56721 | Slime:1  | Entered Level 1 of the Pits of Slime
 56725 | Lair:5   | Fell from the grace of Gozag
 56725 | Lair:5   | Became a worshipper of Jiyva Jukona the Shapeless
 57341 | Slime:4  | Found a viscous altar of Jiyva.
 57462 | Slime:5  | Entered Level 5 of the Pits of Slime
 57569 | Slime:5  | Found the +4 robe of Folly {Brilliance Will-∞ Int+8}
 57572 | Slime:5  | Found a viscous altar of Jiyva.
 57589 | Slime:5  | Noticed the Royal Jelly
 58590 | Vaults:3 | Noticed Boris
 58783 | Vaults:3 | Reached * piety under Jiyva
 58802 | Vaults:3 | Noticed Mara
 58864 | Vaults:3 | Noticed GeoRichter's illusion
 58867 | Vaults:3 | Killed Mara
 58868 | Vaults:3 | Gained mutation: You have an unnaturally thin skeletal
                  | structure. (Dex +6, Stealth+++) [demonic ancestry]
 58868 | Vaults:3 | Reached XP level 21. HP: 146/174 MP: 27/27
 59353 | Vaults:3 | Reached ** piety under Jiyva
 59381 | Vaults:3 | Reached skill level 5 in Spellcasting
 59493 | Vaults:3 | Killed Boris
 60161 | Vaults:4 | Reached *** piety under Jiyva
 60216 | Vaults:4 | Killed from afar by a fire giant

Illustrated notes

Levels and vault maps discovered:
D:1:      dreamdust_arrival_beginning_and_end, layout_rooms,
          hangedman_decor_growths, serial_bayou_lagoon_b
D:2:      layout_basic
D:3:      layout_loops_ring, mainiacjoe_overflow_surrounded_room,
          shapermc_ecumenical_altar_mp_highgroup, amcnicky_mini_pool_small,
          hangedman_abyss_or_decor_lesser_grid, uniq_ijyb
D:4:      layout_cave_pods, vehumet_crystals, bh_walls_and_bars, uniq_sigmund
D:5:      minmay_inner_zag, layout_gridville, temple_hall
D:6:      layout_loops_corners, nicolae_wu_jian_wuxing_cycle
D:7:      layout_gridville, nemelex_diamond_rough_becter,
          dreamdust_wishing_well, nicolae_zen_rock_garden,
          hangedman_feature_mirror
D:8:      layout_basic, nicolae_overflow_crystal_walls, serial_shops, shop
D:9:      layout_rooms, erik_orc_3, ebering_ghost_funeral_grove, enter_bailey_7
D:10:     layout_loops_ring, kennysheep_okawaru_gauntlet,
          general_overflow_altar, jmf_multi_god_temple2, minmay_joined_circles,
          uniq_psyche
D:11:     layout_loops_ring, lair_entry_dummy, nicolae_trove_entry_isolated,
          serial_shops, nicolae_shop_bloodbath_and_beyond, uniq_josephine,
          uniq_lodul
D:12:     layout_gridville, minivault_25_ag
D:13:     layout_long_grid, grunt_ministairs_1, nrook_campfire, chequers_garden,
          uniq_kirke, uniq_rupert
D:14:     layout_stronghold, grunt_vaults_entry_fortified, nicolae_wwwww
D:15:     grunt_enter_depths_magical_seal, layout_irregular_city,
          corexii_corridor_pit, hangedman_decor_lopped
Lair:1:   layout_chaotic_city, grunt_megastairs_3
Lair:2:   layout_cellular_growth, spider_nest_entry_funnel_web,
          nicolae_lair_grove_arrangements, chequers_serial_rivers_large_a,
          lemuel_fruit_fields, lemuel_fruit_tree
Lair:3:   layout_loops_ring, minmay_shoals_entry_lonely_mermaid, special_room
          [special_room_bee], grunt_megastairs_4
Lair:4:   layout_hall_layers, gauntlet_entry_generic, beast_lair_carwin_5,
          serial_bayou_shore_b, infiniplex_staircase_pool
Lair:5:   hellmonk_lair_end_abyssal_woods, layout_hall_layers,
          minmay_slime_entry_pillars, nicolae_volcano_entry_lava_flow
Shoals:1: layout_shoals, uniq_frances, uniq_roxanne
Shoals:2: layout_shoals, serial_shops, nicolae_stop_n_shop_1, uniq_ilsuiw
Shoals:3: layout_shoals, portal_ice_cave_entry_ugly_swarm, serial_shops,
          nicolae_stop_n_shop_2, nicolae_shop_waterfront,
          nicolae_shop_window_shopping, nicolae_take_the_stairs,
          gammafunk_ghost_grave, uniq_polyphemus
Shoals:4: shoals_end_hellmonk_storm_palace [storm_palace_center_circular,
          storm_palace_corner_narrow, storm_palace_corner_grid,
          storm_palace_corner_altar, storm_palace_corner_altar]
Spider:1: layout_spider_delve, uniq_louise, uniq_asterion, uniq_jorgrun
Spider:2: layout_spider_delve
Spider:3: layout_spider_delve, hangedman_spider_mandibles
Spider:4: grunt_spider_rune_circles, uniq_aizul
Slime:1:  layout_caves, basic_altar
Slime:2:  layout_caves
Slime:3:  layout_caves, uniq_dissolution
Slime:4:  layout_caves, basic_altar
Slime:5
Orc:1:    layout_caves, gammafunk_ghost_abyssal_escape, minmay_orc_barracks,
          uniq_erolcha, uniq_erica
Orc:2:    st_orc_open, layout_diamond_mine, serial_shops, shop, mines_bat_river
Elf:1:    elf_arrival_002, layout_geoelf_diagonals, minmay_elf_sorcery
Elf:2:    nicolae_elf_blades_crystal_corner, layout_gridlike
Elf:3:    minmay_elf_hall, layout_geoelf_octagon, serial_shops,
          nicolae_shop_competitors_out_of_business,
          hellmonk_ghost_happy_afterlife, st_stairs_12, nicolae_wooded_promenade
Vaults:1: infiniplex_enter_wizlab_glasses, ontoclasm_vaults_claustrophobia,
          vaults_room_grid, v_rooms_3, hangedman_vaults_cutoff,
          nicolae_vaults_back_hallway, v_misc_25, hangedman_vaults_maws,
          grunt_vaults_hallway_long, nicolae_vaults_little_squares_5,
          nicolae_vaults_ninety_degrees, layout_vaults_omnibox
Vaults:2: v_misc_30, minmay_crypt_entry_nasty_monster, vaults_dpeg_hooks,
          grunt_vaults_trifunnel, nicolae_vaults_three_branches,
          hangedman_vaults_stream, nicolae_vaults_puzzle_piece,
          nicolae_vaults_disjoint_gnomons, vaults_room_octagon, v_misc_23,
          nicolae_vaults_little_squares_4, grunt_vaults_diagonal,
          st_spiral_rooms, grunt_vaults_hallway_short, layout_vaults_maze,
          uniq_margery
Vaults:3: hangedman_vaults_slice, vaults_mumra_chevron_long,
          ontoclasm_vaults_spin, ontoclasm_vaults_twist, v_misc_24,
          nicolae_vaults_diagonal_hallway_7, v_misc_2, layout_vaults_omnigrid,
          uniq_mara, uniq_boris
Vaults:4: v_misc_23, vaults_dpeg_encased_lava, ontoclasm_vaults_eye,
          hangedman_vaults_variations, v_alt_pattern_2, v_alt_pattern_2,
          nicolae_vaults_alarming, ontoclasm_vaults_gateway,
          vaults_room_door_ring, vaults_standard_mumra_lines,
          nicolae_vaults_little_squares_2, v_misc_24, layout_vaults_omnicross,
          serial_shops, shop_statue, uniq_saint_roka

Skill      XL: |  1  2  3  4  5  6  7  8  9 10 11 12 13 14 15 16 17 18 19 20 21 |
---------------+----------------------------------------------------------------+-----
Long Blades    | 2 3 4 5 6 7 9 10 11 13 14 15 16 17 18 19 20 | 20.0
Fighting       | 4 5 7 8 9 10 11 12 13 14 15 16 17 | 17.2
Dodging        | 1 3 5 6 7 9 10 11 12 13 15 16 17 | 17.7
Evocations     | 1 4 5 6 7 9 10 | 10.0
Shields        | 4 6 7 8 9 11 | 11.9
Armour         | 5 6 8 9 10 11 | 11.8
Hexes          | 3 7 8 |  8.4
Spellcasting   | 2 4 5 |  5.2

Action                   |  1- 3 |  4- 6 |  7- 9 | 10-12 | 13-15 | 16-18 | 19-21 || total
-------------------------+-------+-------+-------+-------+-------+-------+-------++-------
Melee: Long sword        |   114 |    94 |    98 |       |       |       |       ||   306
       Great sword       |       |       |   187 |   377 |     2 |       |       ||   566
       Tailslap          |       |       |       |    52 |   170 |   316 |   237 ||   775
       Demon blade       |       |       |       |       |   924 |  1590 |  1008 ||  3522
Throw: Throwing net      |       |       |       |       |     1 |       |       ||     1
       Javelin           |       |       |       |       |       |     1 |       ||     1
Invok: Call Merchant     |       |       |       |     1 |     4 |     2 |     1 ||     8
       Potion Petition   |       |       |       |     1 |       |     4 |     3 ||     8
Evoke: Wand              |       |    26 |       |    23 |    20 |    10 |     4 ||    83
       Lightning rod     |       |       |       |     9 |     5 |       |       ||    14
       Box of beasts     |       |       |       |       |     3 |     7 |     5 ||    15
       Phial of floods   |       |       |       |       |     1 |     3 |     2 ||     6
       Phantom mirror    |       |       |       |       |       |     3 |     5 ||     8
  Use: Potion            |       |     2 |       |     2 |     1 |    19 |     2 ||    26
       Scroll            |       |       |       |    19 |    13 |    18 |     8 ||    58
 Stab: Sleeping          |       |     3 |     1 |     2 |    15 |    23 |    15 ||    59
       Distracted        |       |       |     2 |     7 |    16 |    29 |     7 ||    61
       Betrayed ally     |       |       |       |     1 |       |       |       ||     1
       Held in net/web   |       |       |       |       |     1 |       |       ||     1
       Invisible         |       |       |       |       |       |     3 |       ||     3
Armor: Scale mail        |    71 |    12 |       |       |       |       |       ||    83
       Leather armour    |       |    24 |    89 |       |       |       |       ||   113
       Ring mail         |       |       |       |   171 |   142 |   279 |    78 ||   670
       Skin              |       |       |       |       |    22 |       |       ||    22
       Quicksilver drago |       |       |       |       |       |       |    29 ||    29
Dodge: Dodged            |    59 |    32 |   173 |   280 |   430 |   868 |   497 ||  2339
Block: Buckler           |    37 |    18 |    16 |       |   227 |    30 |       ||   328
       Kite shield       |       |       |       |       |       |  1274 |   800 ||  2074
       Reflection        |       |       |       |       |       |    48 |    91 ||   139
